Unix NetHack Version 5.0.0-0 post-release - last build Jun 10 2026 00:39:30 (3ee93aec679c4c4259841fe613dc97188e26a321,branch:main).

Game began 2026-06-29 19:28:46, ended 2026-07-02 21:50:57.

Enkindle23, lawful male human Knight

                                          --------
                              ------------->.|...|
                              |.^^^.......^......|
                              |+-----------..|..-|
                              |.....|--...|..|...|
                              |.....|-..e-...|...|
                              |.....|..`@g..--...|
                              |..<..|.-.|..-..|.-|
                              |.....|.``|)`.`.|..|
                              |.....|.-.|.`-.....|
                              |.....|...|........|
                              --------------------

Enkindle23 the Sergeant  St:16 Dx:11 Co:13 In:8 Wi:15 Ch:18  Lawful
Dlvl:6  $:969 HP:0(83) Pw:85(85) AC:10 Xp:10 T:10075 

Latest messages:
 a - the blessed rustproof +1 Excalibur.
 d - an uncursed +0 helmet.
 N - a +0 pair of gauntlets of power.
 u - a +0 pair of elven boots.
 B - a +2 elven shield.
 E - a +0 cloak of protection.
 P - a +1 Hawaiian shirt.
 V - a +0 elven mithril-coat.
 g - 2 uncursed apples.
 h - 8 uncursed carrots.
 n - 2 cream pies.
 l - 3 uncursed food rations.
 f - 2 tripe rations.
 e - an uncursed lizard corpse.
 k - a clay ring.
 J - a +3 ring of protection.
 m - a redwood wand.
 c - a wand of slow monster.
 T - an empty uncursed bag.
 H - an uncursed horn.
 i - an uncursed fire horn.
 w - an uncursed key.
 D - a unicorn horn.
 There is nothing here to pick up.
 You begin bashing monsters with your bare hands.
 You hit the floating eye.
 You are frozen by the floating eye's gaze!
 You can move again.
 You hit the floating eye.
 You are frozen by the floating eye's gaze!
 The gargoyle hits!
 The gargoyle hits again!
 The gargoyle bites!
 The gargoyle hits!
 The gargoyle hits again!
 The gargoyle bites!
 The gargoyle hits!
 The gargoyle hits again!
 The gargoyle bites!
 The gargoyle hits!
 The gargoyle hits again!
 The gargoyle bites!
 The gargoyle hits!
 The gargoyle hits again!
 You die...
 Do you want your possessions identified? [ynq] (y) y
 Do you want to see your attributes? [ynq] (y) y
 Do you want an account of creatures vanquished? [ynaq] (y) y
 Do you want to see your conduct and achievements? [ynq] (y) y
 Do you want to see the dungeon overview? [ynq] (y) y

Inventory:
 Coins    ('$')
  $ - 969 gold pieces
 Amulets  ('"')
  b - a blessed amulet of unchanging
 Weapons  (')')
  a - the blessed rustproof +1 Excalibur
 Armor    ('[')
  d - an uncursed +0 helmet
  N - an uncursed +0 pair of gauntlets of power
  u - an uncursed +0 pair of elven boots
  B - an uncursed +2 elven shield
  E - an uncursed +0 cloak of protection
  P - an uncursed +1 Hawaiian shirt with a toucan motif
  V - an uncursed +0 elven mithril-coat
 Comestibles  ('%')
  g - 2 uncursed apples
  h - 8 uncursed carrots
  n - 2 uncursed cream pies
  l - 3 uncursed food rations
  f - 2 uncursed tripe rations
  e - an uncursed lizard corpse
 Rings    ('=')
  j - a cursed -1 ring of gain constitution (on right hand)
  k - a blessed +1 ring of increase accuracy
  J - an uncursed +3 ring of protection
 Wands    ('/')
  c - a wand of slow monster (0:7)
  m - a wand of speed monster (0:8)
 Tools    ('(')
  T - an empty uncursed sack
  i - a fire horn (0:7)
  H - an uncursed tooled horn
  w - an uncursed skeleton key
  D - a +0 unicorn horn

Enkindle23 the Knight's attributes:

Background:
 You were a Sergeant, a level 10 male human Knight.
 You were lawful, on a mission for Lugh
 who was opposed by Brigit (neutral) and Manannan Mac Lir (chaotic).
 You were right-handed.
 You were in Sokoban, on level 6.
 You entered the dungeon 10075 turns ago.
 There was a full moon in effect when your adventure ended.
 You had 5369 experience points, 4631 more were needed to attain level 11.

Basics:
 You had 0 out of 83 hit points.
 You had all 85 energy points (spell power).
 Your armor class was 10.
 Your wallet contained 969 zorkmids.
 Autopickup was off.

Final Characteristics:
 Your strength was 16 (limit:18/100).
 Your dexterity was 11 (limit:18).
 Your constitution was 13 (base:14, limit:18).
 Your intelligence was 8 (limit:18).
 Your wisdom was 15 (limit:18).
 Your charisma was 18 (limit:18).

Final Status:
 You weren't hungry.
 You were unencumbered.
 You were bare handed.
 You were unskilled in bare handed combat.
 You weren't wearing any armor.

Final Attributes:
 You were piously aligned.
 You were cold resistant.
 You were sleep resistant.
 You were poison resistant.
 You could jump.
 You were fast.
 You were lucky.
 You are dead.

Miscellaneous:
 You didn't encounter any bones levels.
 Total elapsed playing time was 8 hours, 12 minutes and 39 seconds.

Major events:
 Turn
    1: Enkindle23 the lawful male human Knight entered the dungeon
  975: attained the rank of Esquire (level 3)
 2045: entered the Gnomish Mines
 2245: reached Mine Town
 2393: attained the rank of Bachelor (level 6)
 3869: entered the Bigroom
 3894: entered Sokoban
 4527: found Snickersnee on the floor
 4807: was given Excalibur by the Lady of the Lake
 9248: attained the rank of Sergeant (level 10)
 9390: completed 1st Sokoban level
 9703: completed 2nd Sokoban level
10075: killed by a gargoyle, while frozen by a floating eye's gaze

Spells:
 Name                 Level Category     Fail Retention
 protection             1   clerical      27%   51%-75%
 chain lightning        2   attack        43%   51%-75%
 identify               3   divination   100%   51%-75%
 cause fear             3   enchantment  100%  76%-100%

Skills:
 Fighting Skills
   bare handed combat [Unskilled]
   two weapon combat  [Unskilled]
   riding             [Basic]
 Weapon Skills
   dagger             [Unskilled]
   knife              [Unskilled]
   axe                [Unskilled]
   pick-axe           [Unskilled]
   short sword        [Unskilled]
   broadsword         [Unskilled]
   long sword         [Expert]
   two-handed sword   [Unskilled]
   saber              [Unskilled]
   club               [Unskilled]
   mace               [Unskilled]
   morning star       [Unskilled]
   flail              [Unskilled]
   hammer             [Unskilled]
   polearms           [Unskilled]
   spear              [Unskilled]
   trident            [Unskilled]
   lance              [Basic]
   bow                [Unskilled]
   crossbow           [Unskilled]
 Spellcasting Skills
   attack spells      [Unskilled]
   healing spells     [Unskilled]
   clerical spells    [Unskilled]

Voluntary challenges:
 Character rerolling was not enabled.
 You never genocided any monsters.
 You never polymorphed an object.
 You never changed form.
 You used no wishes.
 You did not violate any of the special Sokoban rules.
Achievements:
 You attained the rank of Esquire.
 You entered a shop.
 You entered the Gnomish Mines.
 You entered Minetown.
 You entered a temple.
 You attained the rank of Bachelor.
 You entered the Big Room.
 You entered Sokoban.
 You attained the rank of Sergeant.

 The Dungeons of Doom: levels 1 to 10
    Level 1:
       An altar.
    Level 2:
       A ring shop, a fountain.
    Level 3:
       A fountain.
    Level 4:
       A fountain.
       Stairs down to The Gnomish Mines.
    Level 5:
       A wand shop, a fountain.
    Level 6:
       A fountain.
    Level 7:
       A general store.
    Level 8:
       Many fountains.
       Oracle of Delphi.
    Level 9: "watch out C L"
       Some fountains.
       Stairs up to Sokoban, level 8.
    Level 10:
       A very big room.
 The Gnomish Mines: levels 5 to 13
    Level 5:
    Level 6:
    Level 7:
    Level 8:
       Many shops, a temple and an altar, some fountains.
    Level 9:
    Level 10:
    Level 11:
    Level 12:
    Level 13:
       A fountain.
 Sokoban: levels 8 up to 6
    Level 6: <- You were here.
       Unsolved.
       Final resting place for
          you, killed by a gargoyle, while frozen by a floating eye's gaze.
    Level 7:
       Solved.
    Level 8:
       Solved.


Vanquished creatures:
  2 large mimics
  a winter wolf
  6 small mimics
  a warhorse
  2 ettin mummies
  4 trolls
  a gelatinous cube
  a pyrolisk
  a shocking sphere
 an ochre jelly
 an energy vortex
 an elf mummy
  a red naga
  2 wraiths
  a carnivorous ape
 an amorous demon
  a chameleon
  3 giant beetles
  a quivering blob
  a cockatrice
  6 wolves
  a winter wolf cub
  a panther
  a gremlin
  a spotted jelly
  a leprechaun
  2 giant spiders
  a scorpion
  3 vampire bats
  3 gnome rulers
  2 orc mummies
  a yeti
  2 gold golems
  a Green-elf
  2 lizards
  a dingo
  2 jaguars
  2 black unicorns
  a dust vortex
  a raven
  a gnome mummy
  3 apes
  4 Woodland-elves
  a soldier ant
  5 fire ants
  a bugbear
  a quasit
  a wood nymph
  a water nymph
  a mountain nymph
  4 Mordor orcs
 an Uruk-hai
  2 rock moles
  2 ponies
  a yellow light
  a shrieker
 16 gnome leaders
  8 gnomish wizards
  a red naga hatchling
  a black naga hatchling
  a gray ooze
  a paper golem
  2 giant ants
  a kitten
 10 dwarves
  3 homunculi
  a kobold leader
  6 rothes
  2 rabid rats
  a monkey
  a dwarf zombie
  a werejackal
  5 iguanas
  2 acid blobs
  a coyote
  a gas spore
  2 hobbits
  8 manes
  3 hobgoblins
  5 giant rats
 53 gnomes
  6 garter snakes
  a gnome zombie
  5 geckos
  4 jackals
  a fox
  3 kobolds
  5 goblins
  4 sewer rats
 12 grid bugs
  2 lichens
  3 kobold zombies
  7 newts
287 creatures vanquished.

No species were genocided or became extinct.

Game over:
                       ----------
                      /          \
                     /    REST    \
                    /      IN      \
                   /     PEACE      \
                  /                  \
                  |    Enkindle23    |
                  |      969 Au      |
                  |   killed by a    |
                  |     gargoyle     |
                  |                  |
                  |                  |
                  |       2026       |
                 *|     *  *  *      | *
        _________)/\\_//(\/(/\)/\//\/|_)_______

Fare thee well Enkindle23 the Knight...

You died in Sokoban on dungeon level 6 with 21713 points,
and 969 pieces of gold, after 10075 moves.
You were level 10 with a maximum of 83 hit points when you died.

